 Dungeon Crawl Stone Soup version 0.21-a0-274-gc1afaeb (webtiles) character file.

26677 Espgualade the Thaumaturge (level 13, -14/78 HPs)
             Began as a Tengu Ice Elementalist on Sept 18, 2017.
             Was an Elder of Vehumet.
             Demolished by a komodo dragon (30 damage)
             ... on level 6 of the Lair of Beasts.
             The game lasted 02:08:27 (26938 turns).

Espgualade the Thaumaturge (TeIE)                  Turns: 26938, Time: 02:08:28

Health: -14/78     AC:  9    Str: 10    XL:     13   Next: 27%
Magic:  21/27      EV: 17    Int: 19    God:    Vehumet [****..]
Gold:   845        SH:  0    Dex: 15    Spells: 5/31 levels left

rFire    + . .     SeeInvis .   S - staff of wizardry
rCold    . . .     Gourm    .   (no shield)
rNeg     . . .     Faith    .   k - +1 robe
rPois    .         Spirit   .   d - +0 hat
rElec    .         Reflect  .   Y - +2 cloak
rCorr    +         Harm     .   w - +2 pair of gloves
MR       .....                  (boots unavailable)
Stlth    ++++......             (no amulet)
HPRegen  0.23/turn              W - ring of protection from fire
MPRegen  0.20/turn              F - ring of resist corrosion

@: studying Maces & Flails
A: beak, talons 3, able to fly 1
a: Fly, Renounce Religion


You were on level 6 of the Lair of Beasts.
You worshipped Vehumet.
Vehumet was greatly pleased with you.
You were not hungry.

You visited 5 branches of the dungeon, and saw 20 of its levels.
You also visited: Labyrinth and Sewer.

You collected 1237 gold pieces.
You spent 392 gold pieces at shops.

Inventory:

Armour
 d - a +0 hat (worn)
 k - a +1 robe (worn)
 w - a +2 pair of gloves (worn)
 Y - a +2 cloak (worn)
Magical Staves
 S - an uncursed staff of wizardry (weapon)
Jewellery
 n - an uncursed ring of see invisible
 y - an uncursed ring of wizardry
 z - an uncursed ring of positive energy
 B - a +3 ring of dexterity
 F - a ring of resist corrosion (right hand)
 K - a +5 ring of evasion
 M - an uncursed ring of fire
 O - an uncursed ring of protection from magic
 W - a ring of protection from fire (left hand)
Wands
 A - a wand of paralysis (4/24)
 C - a wand of lightning (3/15)
Scrolls
 b - a scroll of brand weapon
 e - 5 scrolls of remove curse
 i - 6 scrolls of teleportation
 m - 2 scrolls of magic mapping
 u - 3 scrolls of identify
 x - 2 scrolls of enchant weapon
 H - 5 scrolls of recharging
 L - a scroll of fog
Potions
 g - 3 potions of curing
 h - a potion of resistance
 l - a potion of mutation
 o - a potion of might
 q - 4 potions of brilliance
 D - a potion of agility
 G - a potion of flight
 U - a potion of invisibility
 V - 2 potions of magic
Books
 f - a manual of Maces & Flails
 N - a book of Changes

   Spells                             Type                      Level
   a - Beastly Appendage              Transmutation                1
   b - Sticks to Snakes               Transmutation                2
   c - Spider Form                    Transmutation/Poison         3
   d - Ice Form                       Ice/Transmutation            4
   e - Blade Hands                    Transmutation                5
 P - a book of Unlife

   Spells                             Type                      Level
   a - Recall                         Summoning/Translocation      3
   b - Animate Dead                   Necromancy                   4
   c - Control Undead                 Necromancy                   4
   d - Cigotuvi's Embrace             Necromancy                   5
   e - Death Channel                  Necromancy                   6
   f - Simulacrum                     Ice/Necromancy               6
 Q - the Collected Works on Doomed Weightlessness
   (You found it in a labyrinth)

   Spells                             Type                      Level
   a - Pain                           Necromancy                   1
   b - Sublimation of Blood           Necromancy                   2
   c - Mephitic Cloud                 Conjuration/Poison/Air       3
   d - Airstrike                      Air                          4
   e - Animate Dead                   Necromancy                   4
   f - Excruciating Wounds            Charms/Necromancy            5
 R - a book of Enchantments

   Spells                             Type                      Level
   a - Cause Fear                     Hexes                        4
   b - Yara's Violent Unravelling     Hexes/Transmutation          5
   c - Silence                        Hexes/Air                    5
   d - Deflect Missiles               Charms/Air                   6
   e - Discord                        Hexes                        8
 T - a book of Transfigurations

   Spells                             Type                      Level
   a - Irradiate                      Conjuration/Transmutation    5
   b - Statue Form                    Transmutation/Earth          6
   c - Hydra Form                     Transmutation                6
   d - Dragon Form                    Transmutation                7
 Z - a book of Battle

   Spells                             Type                      Level
   a - Infusion                       Charms                       1
   b - Shroud of Golubria             Charms/Translocation         2
   c - Song of Slaying                Charms                       2
   d - Spectral Weapon                Hexes/Charms                 3
   e - Regeneration                   Charms/Necromancy            3
Comestibles
 c - 4 bread rations
 j - 6 meat rations
 p - 18 fruits
 s - 11 royal jellies


   Skills:
 - Level 8.1 Fighting
 - Level 2.2 Maces & Flails
 - Level 8.0 Dodging
 - Level 8.0 Stealth
 - Level 9.5 Spellcasting
 - Level 9.0 Conjurations
 - Level 4.0 Charms
 - Level 7.6 Summonings
 - Level 8.0 Ice Magic
 + Level 5.6 Air Magic
 - Level 5.4 Poison Magic


You had 5 spell levels left.
You knew the following spells:

 Your Spells              Type           Power        Failure   Level  Hunger
a - Freeze                Ice            ####         1%          1    None
b - Throw Frost           Conj/Ice       #####.       1%          2    None
c - Ozocubu's Armour      Chrm/Ice       ####....     1%          3    None
d - Throw Icicle          Conj/Ice       #####...     1%          4    ###....
e - Summon Ice Beast      Ice/Summ       #####...     1%          4    ###....
f - Mephitic Cloud        Conj/Pois/Air  ####....     1%          3    None
g - Deflect Missiles      Chrm/Air       ####......   52%         6    ######.
h - Ignite Poison         Fire/Tmut/Pois ###.....     1%          3    None


Dungeon Overview and Level Annotations

Branches:
Dungeon (11/15)            Temple (1/1) D:6            Lair (6/6) D:10
 Shoals (0/4) Lair:3        Snake (1/4) Lair:2        Slime (0/5) Lair:6
    Orc (1/2) D:10

Altars:
Ashenzari
Cheibriados
Dithmenos
Elyvilon
Fedhas
Gozag
Hepliaklqana
Kikubaaqudgha
Makhleb
Nemelex Xobeh
Okawaru
Qazlal
Ru
Sif Muna
Trog
Uskayaw
Vehumet
Wu Jian
Xom
Yredelemnul
Zin
The Shining One

Shops:
D:4 %

Annotations:
D:4 Crazy Yiuf
D:9 pichaelthompson's ghost, novice DsBe


Innate Abilities, Weirdness & Mutations

You have a beak for a mouth.
You have claws for feet.
You can fly.


Message History

* * * LOW HITPOINT WARNING * * *
You hold your ground!
The steam dragon breathes steam at you. The ball of steam hits your ice beast.
The komodo dragon closely misses you.
A blast of poison appears from out of your range of vision.
The blast of poison engulfs your ice beast.
Your ice beast is poisoned.
You hit the plant but do no damage. You claw the plant, but do no damage.
The plant is almost destroyed.
The fire dragon bites you.
* * * LOW HITPOINT WARNING * * *
The fire dragon barely misses you. x2; The komodo dragon barely misses you.
The fire dragon barely misses you. The fire dragon claws you.
* * * LOW HITPOINT WARNING * * *
The fire dragon tramples you but does no damage.
Unknown command.
Okay, then.
Okay, then.
You feel better.
You feel less invigorated. The komodo dragon bites you!!
You die...

.≈≈♣♣ ♣♣..≈...♣♣♣
#............. ≈≈♣
♣♣P.≈≈..♣♣♣
#............. ≈♣
♣♣♣≈.♣≈≈.♣♣#......P......
♣ ♣
♣♣≈♣≈.≈P♣#...P.P......P
♣.♣♣♣♣♣≈≈≈♣#.............
.≈§.♣.♣≈≈≈♣###.....#.PP#.
l.§§§♣.≈≈♣♣ #.###P######
D§Y≈..≈lP.♣ ## ###
≈≈≈≈§§≈D@.♣ ≈§§≈§≈...♣♣
≈≈≈≈≈..♣♣♣ ♣♣♣♣♣♣♣


You could see a fire dragon, a komodo dragon and a friendly ice beast
(petrified).

Vanquished Creatures
  Josephine (Lair:6)
  2 two-headed ogres
  A lindwurm (Lair:5)
  A black mamba (Lair:6)
  2 elephants
  Joseph (D:8)
  A gargoyle (D:10)
  5 spiny frogs
  3 komodo dragons
  2 trolls
  A merfolk (Lair:3)
  A polar bear (Lair:6)
  2 dream sheep (Lair:6)
  2 hippogriffs
  5 blink frogs
  A wraith (Lair:6)
  5 yaks
  A steam dragon (Lair:6)
  A basilisk (Lair:6)
  A warg (D:10)
  Edmund (D:4)
  An acid dragon (Lair:6)
  12 water moccasins
  2 hell hounds (D:10)
  4 porcupines
  4 orc warriors
  A swamp drake (Lair:6)
  2 ice beasts
  A sky beast (D:7)
  A phantom (D:10)
  5 ogres
  3 wolves (Lair:6)
  4 centaurs
  9 crocodiles
  14 bullfrogs
  A wyvern skeleton (D:7)
  2 scorpions
  A wight (D:8)
  An electric eel (Lair:3)
  2 howler monkeys
  4 crimson imps
  A bullfrog zombie (D:10)
  2 jellies
  A hound (D:5)
  3 orc priests
  6 orc wizards
  3 centaur skeletons
  3 iguanas
  2 worker ants
  2 hell rats (Lair:6)
  2 worker ant zombies
  Robin (D:3)
  3 gnolls
  12 adders
  2 shadow imps
  6 oozes
  3 adder skeletons
  3 worms
  A dart slug (D:1)
  2 leopard geckos
  20 orcs
  3 giant cockroaches
  13 hobgoblins
  14 jackals
  16 kobolds
  3 quokkas
  6 ball pythons
  7 bats
  7 frilled lizards
  16 goblins
  A leopard gecko skeleton (D:7)
  A leopard gecko zombie (D:5)
  12 rats
  3 plants (Sewer)
294 creatures vanquished.

Vanquished Creatures (collateral kills)
  A minotaur (Lab)
  6 hydras
  Maurice (D:8)
  4 elephants
  A black mamba (Lair:5)
  8 spiny frogs
  2 rime drakes
  A komodo dragon (Lair:1)
  A polar bear (Lair:6)
  3 dream sheep
  11 blink frogs
  A hippogriff (Lair:1)
  A spriggan (Lair:5)
  2 wraiths (Lair:6)
  A wyvern (D:8)
  10 yaks
  2 steam dragons (Lair:6)
  2 acid dragons
  3 wargs (D:10)
  6 water moccasins
  A porcupine (Lair:1)
  2 orc warriors (Orc:1)
  3 wolves (Lair:6)
  A centaur (D:10)
  2 crocodiles
  3 bullfrogs
  4 wights (D:8)
  An electric eel (Lair:1)
  2 orc wizards
  3 jellies (D:8)
  An orc priest (Orc:1)
  A hound (D:10)
  2 iguanas (Lair:6)
  5 hell rats (Lair:6)
  A statue (D:8)
  2 adders (Lair:2)
  An ooze (D:8)
  An orc (D:10)
  A fungus (Lair:6)
104 creatures vanquished.

Vanquished Creatures (others)
  2 bushes
  24 fungi
  29 plants
55 creatures vanquished.

Grand Total: 453 creatures vanquished

Notes
Turn   | Place    | Note
-------+----------+-------------------------------------------
     0 | D:1      | Espgualade the Tengu Ice Elementalist began the quest for the Orb.
     0 | D:1      | Reached XP level 1. HP: 10/10 MP: 4/4
    17 | D:1      | Reached skill level 1 in Fighting
   226 | D:1      | Reached XP level 2. HP: 10/16 MP: 3/6
   531 | D:1      | Reached XP level 3. HP: 14/22 MP: 5/7
   932 | D:1      | Learned a level 2 spell: Throw Frost
   936 | D:1      | Learned a level 3 spell: Ozocubu's Armour
  1302 | D:2      | Reached XP level 4. HP: 24/28 MP: 3/8
  1590 | D:2      | Found an iron altar of Okawaru.
  1595 | D:2      | Found an ornate altar of the Wu Jian Council.
  2025 | D:3      | Gained mutation: You can fly. [Tengu growth]
  2025 | D:3      | Reached XP level 5. HP: 33/33 MP: 9/9
  2715 | D:3      | Noticed Robin
  2732 | D:3      | Killed Robin
  3155 | D:4      | Reached XP level 6. HP: 24/38 MP: 10/10
  3268 | D:4      | Found a glowing drain.
  3298 | Sewer    | Entered a sewer
  3554 | Sewer    | Reached skill level 5 in Dodging
  4792 | D:4      | Found Daagreev's Food Emporium.
  5545 | D:4      | Noticed Edmund
  5609 | D:4      | Killed Edmund
  5609 | D:4      | Reached XP level 7. HP: 34/43 MP: 1/11
  5694 | D:4      | Found a runed door.
  5698 | D:4      | Noticed Crazy Yiuf
  5711 | D:4      | HP: 2/43 [Crazy Yiuf/quarterstaff of chaos (3)]
  5731 | D:5      | Entered Level 5 of the Dungeon
  5932 | D:5      | Reached skill level 5 in Stealth
  5945 | D:5      | Learned a level 4 spell: Throw Icicle
  6150 | D:5      | Found an opulent altar of Gozag.
  6481 | D:5      | Reached XP level 8. HP: 46/48 MP: 15/15
  6932 | D:6      | Reached skill level 5 in Spellcasting
  7009 | D:6      | Found a staircase to the Ecumenical Temple.
  7200 | Temple   | Entered the Ecumenical Temple
  7768 | D:6      | Learned a level 4 spell: Summon Ice Beast
  8133 | D:7      | Reached skill level 5 in Ice Magic
  8133 | D:7      | Reached XP level 9. HP: 49/52 MP: 15/19
  8690 | D:7      | Learned a level 3 spell: Mephitic Cloud
  8804 | D:8      | Noticed Joseph
  8817 | D:8      | Noticed a two-headed ogre
  8833 | D:8      | Killed a two-headed ogre
  8842 | D:8      | Found a radiant altar of Vehumet.
  9165 | D:8      | Noticed Maurice
  9227 | D:8      | Reached skill level 1 in Air Magic
  9527 | D:9      | Found a radiant altar of Vehumet.
  9543 | D:9      | Became a worshipper of Vehumet
  9596 | D:9      | Found a sparkling altar of Nemelex Xobeh.
  9615 | D:9      | Noticed a troll
  9751 | D:9      | Found a shattered altar of Ashenzari.
  9781 | D:9      | Noticed pichaelthompson's ghost (novice DsBe)
  9793 | D:10     | Entered Level 10 of the Dungeon
  9807 | D:10     | Reached skill level 5 in Fighting
  9967 | D:10     | Found a staircase to the Lair.
 10028 | D:10     | Reached XP level 10. HP: 34/59 MP: 16/20
 10337 | D:10     | Noticed a two-headed ogre
 10386 | D:10     | Killed a two-headed ogre
 10386 | D:10     | Reached skill level 5 in Conjurations
 10759 | D:10     | Found a staircase to the Orcish Mines.
 10896 | D:10     | Noticed a gargoyle
 10902 | Orc:1    | Entered Level 1 of the Orcish Mines
 10912 | Orc:1    | Reached skill level 1 in Summonings
 11218 | D:10     | Killed a gargoyle
 11256 | D:10     | Reached * piety under Vehumet
 11256 | D:10     | Offered knowledge of Sting by Vehumet.
 11806 | Lair:1   | Entered Level 1 of the Lair of Beasts
 11925 | Lair:1   | Noticed a spiny frog
 12006 | Lair:1   | Noticed a spiny frog
 12044 | Lair:1   | Killed a spiny frog
 12055 | Lair:1   | Reached skill level 5 in Summonings
 12097 | Lair:1   | Noticed a spiny frog
 12497 | Lair:1   | Killed a spiny frog
 12497 | Lair:1   | Reached XP level 11. HP: 41/66 MP: 14/21
 13084 | Lair:1   | Noticed an eight-headed hydra
 13398 | Lair:2   | Noticed a five-headed hydra
 13428 | Lair:2   | Found a labyrinth entrance.
 13441 | Lab      | Entered a labyrinth
 13685 | Lab      | Noticed a minotaur
 13693 | Lab      | Killed a minotaur
 13697 | Lab      | Identified the Collected Works on Doomed Weightlessness
 15513 | Lair:2   | Offered knowledge of Throw Flame by Vehumet.
 15518 | Lair:2   | Reached ** piety under Vehumet
 16090 | Lair:2   | Found a staircase to the Snake Pit.
 16115 | Snake:1  | Entered Level 1 of the Snake Pit
 16373 | Lair:2   | You fall through a shaft!
 16505 | Lair:3   | Noticed a six-headed hydra
 17364 | Lair:2   | Killed a five-headed hydra
 17364 | Lair:2   | Reached XP level 12. HP: 72/72 MP: 8/25
 17563 | Lair:3   | Reached skill level 1 in Poison Magic
 17613 | Lair:3   | Killed a six-headed hydra
 18163 | D:8      | Killed Joseph
 18772 | D:8      | Killed Maurice
 18927 | D:8      | Offered knowledge of Static Discharge by Vehumet.
 19595 | D:4      | Bought a meat ration for 70 gold pieces
 19595 | D:4      | Bought a royal jelly for 28 gold pieces
 19595 | D:4      | Bought 4 fruits for 84 gold pieces
 19595 | D:4      | Bought a bread ration for 70 gold pieces
 19595 | D:4      | Bought a bread ration for 70 gold pieces
 19595 | D:4      | Bought a bread ration for 70 gold pieces
 19904 | Lair:1   | Killed an eight-headed hydra
 19904 | Lair:1   | Reached skill level 5 in Poison Magic
 20056 | Lair:3   | Reached *** piety under Vehumet
 20149 | Lair:3   | Found a staircase to the Shoals.
 21802 | Lair:4   | Learned a level 6 spell: Deflect Missiles
 21972 | Lair:5   | Reached skill level 1 in Charms
 22418 | Lair:5   | Noticed a seven-headed hydra
 22442 | Lair:5   | Killed a seven-headed hydra
 22884 | Lair:5   | Offered knowledge of Ignite Poison by Vehumet.
 22889 | Lair:5   | Learned a level 3 spell: Ignite Poison
 23726 | Lair:6   | Entered Level 6 of the Lair of Beasts
 24188 | Lair:6   | Noticed a six-headed hydra
 24670 | Lair:6   | Reached XP level 13. HP: 60/76 MP: 10/27
 25128 | Lair:6   | Reached **** piety under Vehumet
 25454 | Lair:6   | Noticed Josephine
 26086 | Lair:6   | Found a staircase to the Slime Pits.
 26422 | Lair:6   | Killed Josephine
 26428 | Lair:6   | Reached skill level 5 in Air Magic
 26660 | Lair:6   | Offered knowledge of Stone Arrow by Vehumet.
 26928 | Lair:6   | Noticed a fire dragon
 26935 | Lair:6   | HP: 2/78 [fire dragon (4)]
 26938 | Lair:6   | Demolished by a komodo dragon

Vault maps used:
D:1:      dpeg_arrival_pond, palyth_stone_intersect, minmay_pentomino_t2
D:2:      minitemple, amethyst_killhole, minmay_goblin_kobold_house
D:3:      first_bread, uniq_robin
D:4:      serial_shops, shop, cheibrodos_sewer_entry_drain, serial_forest,
          infiniplex_forest_clump_long, infiniplex_forest_clump_double,
          infiniplex_forest_straight_1, infiniplex_forest_lined_room_,
          infiniplex_forest_end_2, uniq_edmund, uniq_crazy_yiuf_cottage
D:5:      basic_altar, hangedman_decor_peaks_small
D:6:      minmay_temple_entry_statues_pillars, minmay_misc_feat_x,
          grunt_ministairs_15
D:8:      vehumet_statue, hangedman_little_slice_of_home, feat_on_display,
          uniq_maurice, uniq_joseph
D:9:      lemuel_round_altar, basic_altar, ashenzari_altar_1
D:10:     minmay_lair_entry_lava, minmay_orc_entry_guard_dogs
D:11:     serial_shops, shop, trove_entry_hex_spiral, basic_altar
Temple:   nicolae_temple_no_exploring_needed
Lair:1:   serial_bayou_shore_a, grunt_megastairs_5
Lair:2:   minmay_snake_entry_six_corridors, lab_entry_generic
Lair:3:   elwin_shoals_entry_rooms, serial_bayou_pond_a
Lair:5:   grunt_forest_large_clearing_hut, lemuel_fruit_tree
Lair:6:   guppyfry_lair_end_dragon, slime_dummy, uniq_josephine
Snake:1:  serial_bayou_shore_b
Orc:1:    basic_altar
Lab:      labyrinth_hidden_loot, nicolae_lab_diamond, nicolae_lab_blocks,
          labyrinth_skeletal_remains
Sewer:    sewer_co_scattered_pipes

Skill      XL: |  1  2  3  4  5  6  7  8  9 10 11 12 13 |
---------------+----------------------------------------+-----
Fighting       | 1 2 3 4 5 6 7 8 |  8.1
Dodging        | 4 5 7 8 |  8.0
Stealth        | 4 5 8 |  8.0
Spellcasting   | 4 6 8 9 |  9.5
Ice Magic      | 5 8 |  8.0
Air Magic      | 3 4 5 |  5.6
Conjurations   | 3 9 |  9.0
Summonings     | 5 7 |  7.6
Maces & Flails | 2 |  2.2
Poison Magic   | 5 |  5.4
Charms         | 4 |  4.0

Action                   |  1- 3 |  4- 6 |  7- 9 | 10-12 | 13-15 || total
-------------------------+-------+-------+-------+-------+-------++-------
Melee: Unarmed           |     6 |       |       |       |       ||     6
       Dagger            |    88 |    96 |       |       |       ||   184
       Kick              |    17 |    91 |    51 |    44 |     6 ||   209
       Peck              |    10 |    49 |    38 |    32 |     3 ||   132
       Flail             |       |   238 |       |       |       ||   238
       Dire flail        |       |       |   227 |    84 |       ||   311
       Staff             |       |       |       |    56 |    13 ||    69
 Cast: Freeze            |    13 |    50 |    27 |   114 |    23 ||   227
       Throw Frost       |     3 |     6 |    22 |    74 |     7 ||   112
       Ozocubu's Armour  |       |     2 |     8 |    12 |     2 ||    24
       Summon Ice Beast  |       |       |     8 |   121 |    37 ||   166
       Throw Icicle      |       |       |     1 |   128 |    41 ||   170
       Mephitic Cloud    |       |       |       |    10 |     3 ||    13
       Ignite Poison     |       |       |       |     1 |       ||     1
 Abil: Fly               |       |     3 |     1 |    19 |     8 ||    31
Evoke: Wand              |       |       |       |     7 |       ||     7
  Use: Potion            |     2 |     3 |     4 |     7 |     2 ||    18
       Scroll            |     3 |     9 |     8 |    18 |     2 ||    40
 Stab: Sleeping          |     3 |     3 |     7 |     3 |       ||    16
       Distracted        |       |       |       |     2 |       ||     2
  Eat: Bread ration      |     1 |     2 |     1 |     4 |     1 ||     9
       Chunk             |       |     7 |     8 |    30 |     5 ||    50
       Fruit             |       |     1 |     1 |     9 |     1 ||    12
       Royal jelly       |       |       |       |     5 |     2 ||     7
       Meat ration       |       |       |       |     2 |       ||     2
Armor: Robe              |    20 |    47 |    61 |    46 |     5 ||   179
       Skin              |       |     9 |       |       |       ||     9
Dodge: Dodged            |    72 |   231 |   195 |   309 |    85 ||   892

Table legend:
 A = Spawn XP
 B = Non-spawn XP
 C = Spawn XP percentage of total XP
 D = Spawn monster count
 E = Non-spawn monster count
 F = Spawn count percentage of total count
 G = Total turns spent on level
                    A         B        C        D         E        F      G
               +---------+---------+-------+---------+---------+-------+---------
         Total |       0 |   38111 |   0.0 |       0 |     394 |   0.0 | 26938
               +---------+---------+-------+---------+---------+-------+---------
           D:1 |       0 |      52 |   0.0 |       0 |      22 |   0.0 |   972
           D:2 |       0 |     106 |   0.0 |       0 |      30 |   0.0 |  1005
           D:3 |       0 |     118 |   0.0 |       0 |      37 |   0.0 |  1162
           D:4 |       0 |     397 |   0.0 |       0 |      12 |   0.0 |  1778
           D:5 |       0 |     652 |   0.0 |       0 |      16 |   0.0 |  1055
           D:6 |       0 |     532 |   0.0 |       0 |      11 |   0.0 |  1029
           D:7 |       0 |    1203 |   0.0 |       0 |      21 |   0.0 |  1462
           D:8 |       0 |    2009 |   0.0 |       0 |      25 |   0.0 |  1135
           D:9 |       0 |     685 |   0.0 |       0 |      14 |   0.0 |   824
          D:10 |       0 |    3381 |   0.0 |       0 |      23 |   0.0 |  1859
        Lair:1 |       0 |    4145 |   0.0 |       0 |      22 |   0.0 |  2507
        Lair:2 |       0 |    4468 |   0.0 |       0 |      32 |   0.0 |  2396
        Lair:3 |       0 |    3923 |   0.0 |       0 |      20 |   0.0 |  1761
        Lair:4 |       0 |    1921 |   0.0 |       0 |       9 |   0.0 |  1511
        Lair:5 |       0 |    5057 |   0.0 |       0 |      22 |   0.0 |  2409
        Lair:6 |       0 |    8159 |   0.0 |       0 |      50 |   0.0 |  2270
         Orc:1 |       0 |     336 |   0.0 |       0 |       8 |   0.0 |   289
           Lab |       0 |     941 |   0.0 |       0 |       1 |   0.0 |   291
         Sewer |       0 |      26 |   0.0 |       0 |      19 |   0.0 |  1216
               +---------+---------+-------+---------+---------+-------+---------
